 Dungeon Crawl Stone Soup version 0.29-a0-1027-gcd8c55af63 (webtiles) character file.

Game seed: 3124234378257230655

93 wingedge the Magician (level 4, -6/32 HPs)
             Began as a Human Wanderer on Aug 13, 2022.
             Mangled by an orc
             ... wielding a +0 flail
              (9 damage)
             ... on level 3 of the Dungeon.
             The game lasted 00:06:17 (2251 turns).

wingedge the Magician (Human Wanderer)              Turns: 2251, Time: 00:06:18

Health: -6/32      AC:  3    Str: 11    XL:     4   Next: 91%
Magic:  0/10       EV: 11    Int: 13    God:
Gold:   183        SH:  0    Dex: 15    Spells: 6/11 levels left

rFire   . . .      SeeInvis .   a - +2 quarterstaff
rCold   . . .      Faith    .   (shield currently unavailable)
rNeg    . . .      Spirit   .   d - +0 robe
rPois   .          Reflect  .   m - +0 helmet
rElec   .          Harm     .   (no cloak)
rCorr   .          Rampage  .   (no gloves)
Will    .....                   (no boots)
Stlth   +.........              (no amulet)
HPRegen 0.10/turn               (no ring)
MPRegen 0.12/turn               (no ring)

@: no status effects
A: no striking features
a: no special abilities


You were on level 3 of the Dungeon.
You visited 1 branch of the dungeon, and saw 3 of its levels.

You collected 183 gold pieces.

Inventory:

Hand Weapons
 a - a +2 quarterstaff (weapon)
 b - a +2 short sword of holy wrath
Missiles
 g - 4 curare-tipped darts
 j - 3 boomerangs
Armour
 d - a +0 robe (worn)
 e - an orb of wrath
 m - a +0 helmet (worn)
Wands
 p - a wand of flame (2)
Scrolls
 c - a scroll of fog
 i - a scroll of vulnerability {unknown}
 k - a scroll of immolation {unknown}
 n - a scroll of enchant weapon {unknown}
 q - a scroll of identify {unknown}
 r - a scroll of amnesia {unknown}
Potions
 f - a potion of attraction {unknown}
 h - a potion of mutation {unknown}
 l - 2 potions of haste {unknown}
 o - a potion of lignification {unknown}


   Skills:
 - Level 1.0 Fighting
 - Level 3.0 Staves
 - Level 1.0 Armour
 - Level 4.0 Spellcasting
 - Level 3.0 Conjurations
 + Level 1.7 Fire Magic
 - Level 1.0 Earth Magic
 - Level 1.0 Invocations
 - Level 1.0 Evocations


You had 6 spell levels left.
You knew the following spells:

 Your Spells              Type           Power      Damage    Failure   Level
a - Magic Dart            Conj           40%        1d5       6%          1
b - Foxfire               Conj/Fire      32%        2x1d5     8%          1
c - Stone Arrow           Conj/Erth      14%        3d7       26%         3

Your spell library contained the following spells:

 Spells                   Type           Power      Damage    Failure   Level
 Conjure Flame            Conj/Fire      8%         6-21      24%         3
 Dazzling Flash           Conj/Hex       12%        N/A       32%         3
 Inner Flame              Hex/Fire       4%         N/A       41%         3
 Flame Wave               Conj/Fire      8%         2d5       61%         4
 Iskenderun's Mystic Bla  Conj/Tloc      6%         2d4       73%         4
 Starburst                Conj/Fire      4%         6d3       100%        6


Dungeon Overview and Level Annotations

Branches:
Dungeon (3/15)

Altars:


Message History

Your magical contamination has completely faded away.
Aiming: Throw Flame
Press: ? - help, Shift-Dir - straight line, f - orc
Aim: an orc, wielding a +0 dagger and wearing a +3 chain mail (severely wounded, 77% to hit)
The puff of flame hits the orc but does no damage.
The orc is severely wounded.
The orc closely misses you. The orc hits you with a +0 dagger.
Aiming: Throw Flame
Press: ? - help, Shift-Dir - straight line, f/p - orc
Aim: an orc, wielding a +0 dagger and wearing a +3 chain mail (severely wounded, 77% to hit)
The puff of flame misses the orc.
The orc completely misses you. The orc hits you with a +0 dagger.
Aiming: Throw Flame
Press: ? - help, Shift-Dir - straight line, f/p - orc
Aim: an orc, wielding a +0 dagger and wearing a +3 chain mail (severely wounded, 77% to hit)
The puff of flame hits the orc but does no damage.
The orc is severely wounded.
The orc closely misses you. The orc hits you with a +0 flail!
* * * LOW HITPOINT WARNING * * *
Aiming: Throw Flame
Press: ? - help, Shift-Dir - straight line, f/p - orc
Aim: an orc, wielding a +0 dagger and wearing a +3 chain mail (severely wounded, 77% to hit)
Okay, then.
Casting: Foxfire (safe; 8% risk of failure)
Confirm with . or Enter, or press ? or * to list all spells.
You conjure some foxfire!
The orc hits you with a +0 dagger.
* * * LOW HITPOINT WARNING * * *
The orc barely misses you.
Your foxfire dissipates!
The foxfire hits the orc but does no damage.
The orc is severely wounded.
Throw: 5 darts (curare)
Press: ? - help, Shift-Dir - straight line, f/p - orc
Aim: an orc, wielding a +0 dagger and wearing a +3 chain mail (severely wounded, 65% to hit)
You throw a curare-tipped dart. The curare-tipped dart hits the orc.
The orc is poisoned.
The orc convulses.
You kill the orc!
The orc hits you with a +0 flail!
You die...

...( #.#........... ....
#.#....<#..... .....
#####.#.....#.†...
.)...###.....#.....#.....
....)........+...........
#.)..........#...........
#............######......
##....o.....#### #.....#
#....(@...†...###.....#
#.....####............#
#.....# #........#....
#.....# #........###..
#.....# #....##### ..
#.$...# #..... .. #..†..#
#...... .. ......
#....... #.....#


You could see an orc.

Vanquished Creatures
  An orc priest (D:3)
  3 adders
  A worm (D:2)
  2 orcs (D:3)
  5 endoplasms
  2 giant cockroaches
  3 goblins
  4 hobgoblins
  3 kobolds
  A quokka (D:1)
  2 ball pythons
  3 bats
  2 frilled lizards
  A rat (D:2)
33 creatures vanquished.

Vanquished Creatures (others)
  48 foxfires
48 creatures vanquished.

Grand Total: 81 creatures vanquished

Notes
Turn   | Place    | Note
-------+----------+-------------------------------------------
     0 | D:1      | wingedge the Human Wanderer began the quest for the Orb.
     0 | D:1      | wingedge set off with the following items: a +2
                  | quarterstaff, a wand of flame (5), a scroll of fog, a +0
                  | robe; and the following spell memorised: Magic Dart; and
                  | the following spells available to memorise: Stone Arrow.
     0 | D:1      | Reached XP level 1. HP: 13/13 MP: 5/5
   178 | D:1      | Reached skill level 1 in Fighting
   247 | D:1      | Reached XP level 2. HP: 21/21 MP: 1/7
   321 | D:1      | Reached skill level 1 in Conjurations
   604 | D:1      | Found a faded altar of an unknown god.
  1177 | D:2      | Learned a level 1 spell: Foxfire
  1200 | D:2      | Reached XP level 3. HP: 26/26 MP: 1/8
  1289 | D:2      | Reached skill level 1 in Fire Magic
  1768 | D:2      | Learned a level 3 spell: Stone Arrow
  2097 | D:3      | Reached XP level 4. HP: 28/32 MP: 1/10
  2238 | D:3      | Reached skill level 1 in Earth Magic
  2251 | D:3      | Mangled by an orc

Illustrated notes

Levels and vault maps discovered:
D:1:      minmay_arrival_four_circles, layout_basic,
          dreamdust_ecumenical_altar_grove, minmay_box_of_dots
D:2:      layout_loops_ring
D:3:      layout_basic, mainiacjoe_overflow_small_starburst,
          grunt_gozag_statues, uniq_jessica

Skill      XL: |  1  2  3  4 |
---------------+-------------+-----
Fighting       | 1 |  1.0
Conjurations   | 2 3 |  3.0
Fire Magic     | 1 |  1.7
Earth Magic    | 1 |  1.0
Staves         | |  3.0
Armour         | |  1.0
Spellcasting   | |  4.0
Invocations    | |  1.0
Evocations     | |  1.0

Action                   |  1- 3 |  4- 6 || total
-------------------------+-------+-------++-------
Melee: Quarterstaff      |     9 |     3 ||    12
Throw: Dart              |       |     1 ||     1
 Cast: Magic Dart        |    63 |       ||    63
       Foxfire           |    10 |    16 ||    26
Evoke: Wand              |       |     3 ||     3
 Stab: Sleeping          |     1 |       ||     1
Armor: Robe              |     9 |     1 ||    10
Dodge: Dodged            |    10 |     5 ||    15

Table legend: (Time is in decaauts)
 A = Elapsed time spent in this place.
 B = Non-inter-level travel time spent in this place.
 C = Inter-level travel time spent in this place.
 D = Time resting spent in this place.
 E = Time spent auto-exploring this place.
 F = Levels seen in this place.
 G = Mean time per level.
                   A        B        C        D        E       F      G
               +--------+--------+--------+--------+--------+-----+--------+
         Total |   2252 |   2193 |     59 |    171 |   1778 |   3 |  750.7 |
       Dungeon |   2252 |   2193 |     59 |    171 |   1778 |   3 |  750.7 |
               +--------+--------+--------+--------+--------+-----+--------+

Top non-repeatable levels by time:
     D:1: 1135 daAuts
     D:2: 936 daAuts
     D:3: 180 daAuts
